AoeStats
← Doak

Arena

508340787Analyzed
4v4 RM · 10d ago on Sep 22, 2026· 25m 18s· 8 players
Game mode
Random Map
Map size
Large (8 player)
Population
200
Speed
Normal
Resources
Standard
Victory
Conquest
Starting age
Dark Age
Ending age
Imperial Age
RankedLock teamsTeams togetherTeam positionsShared explorationLock speedFull tech treeHidden civsTurbo modeCheats
Victory
Defeat
🇺🇸 Malay · United States
1486
+11
🇺🇸 Hindustanis · United States
1366
+16
🇬🇧 Cumans · United Kingdom
1365
+16
🇺🇸 Khmer · United States
1318
+17
🇩🇪 Burgundians · Germany
1367
-15
🇦🇷 Cumans · Argentina
1367
-15
🇨🇦 Italians · Canada
1358
-15
🇧🇴 Mongols · Bolivia
1350
-15
OdinsProphet
10:42 Feudal Age
14:33 Castle Age
12:56 Double-Bit Axe
12:52 Horse Collar
14:36 Loom
GG LA LIFE KARIN
9:56 Feudal Age
13:43 Castle Age
11:57 Double-Bit Axe
11:53 Horse Collar
14:38 Bow Saw
19:22 Fletching
21:22 Bodkin Arrow
[IMGG] Kater
7:14 Double-Bit Axe
11:49 Feudal Age
13:07 Loom
16:30 Castle Age
15:12 Bow Saw
16:40 Horse Collar
18:29 Fervor
21:52 Cavalier
eloty
9:56 Feudal Age
10:31 Double-Bit Axe
10:41 Horse Collar
19:28 Castle Age
17:29 Loom
19:49 Wheelbarrow
23:37 Gold Mining
27:56 Imperial Age
Almost600
11:40 Feudal Age
15:17 Castle Age
13:13 Double-Bit Axe
19:47 Horse Collar
23:34 Bow Saw
el_Feist
11:21 Feudal Age
12:20 Double-Bit Axe
15:03 Castle Age
13:59 Horse Collar
14:12 Gold Mining
15:54 Bow Saw
16:03 Heavy Plow
20:21 Wheelbarrow
22:21 Scale Barding Armor
24:05 Chain Barding Armor
23:57 Husbandry
25:35 Bloodlines
Doak
10:17 Feudal Age
10:47 Double-Bit Axe
17:10 Scale Barding Armor
20:33 Horse Collar
25:15 Castle Age
23:49 Bloodlines
23:34 Fletching
23:59 Forging
25:51 Wheelbarrow
some.spiced.ham
9:53 Feudal Age
12:55 Castle Age
24:53 Double-Bit Axe
Connection lost

Rejoining the realm…

Still unreachable

The connection could not be restored.

Session expired

The server has moved on; the page needs a fresh start.